[Event "Israeli Team-ch 2023"]
[Site "Petah Tikva"]
[Date "2023.05.05"]
[Round "9.28"]
[White "Parkhov, Yair"]
[Black "Rozen, Eytan"]
[Result "1/2-1/2"]
[ECO "D35"]
[WhiteElo "2467"]
[BlackElo "2440"]
[Annotator "TA"]
[PlyCount "159"]
[EventDate "2023.01.13"]
[EventCountry "ISR"]
[SourceTitle "playchess.com"]
[Source "ChessBase"]
[SourceQuality "1"]
[TimeControl "40/5400+30:1800+30"]

1. d4 d5 2. c4 e6 3. Nc3 Nf6 4. cxd5 exd5 5. Bg5 c6 6. e3 h6 7. Bh4 Bd6 {[%emt 0:00:08] D35: Queen's Gambit Declined: Exchange Variation.} 8. Bd3 O-O 9. Nf3 Nbd7 10. O-O a5 11. Rc1 Re8 {[%emt 0:02:59] [#]} 12. Re1 $146 ({Predecessor:} 12. Qc2 Be7 13. Bg3 Nf8 14. h3 Bd6 15. Ne5 Qe7 16. Na4 Ne4 17. Bh2 f6 18. Nf3 Bxh2+ 19. Nxh2 {½-½ Dornauer,J (2151)-Ennsberger,U (2271) AUT-chT2M 2223 2022 (2.6)}) 12... g5 13. Bg3 Bxg3 14. fxg3 b5 15. Bb1 Ba6 16. Qc2 b4 17. Nd1 (17. Na4 $14 {feels stronger.}) 17... c5 $1 $11 18. Nf2 Ne4 19. dxc5 (19. Nxe4 dxe4 20. Red1 Qf6 $15) 19... Ndxc5 20. Nxe4 Nxe4 21. Qd1 (21. Qc6 $5 ) 21... Qd6 (21... Rc8 $11) 22. Nd4 $14 Rac8 {[%emt 0:08:23] Inhibits Rc6.} 23. Qh5 (23. Rxc8 {simplifies} Bxc8 24. Qa4 Qd8 25. Qc6) 23... Qf6 24. Qf3 Qe5 25. Rcd1 Rc7 26. Nf5 (26. g4 $14) 26... Re6 (26... Qxb2 27. Nxh6+ Kf8 28. Rxd5 $14) (26... Rc6 {simplifies} 27. Rd4 Bc8 28. g4 Bxf5 29. Qxf5 Qxf5 30. gxf5 Nf6) 27. g4 a4 (27... Qxb2 28. Rxd5 Nf6 29. Rd8+ (29. Nxh6+ Kf8 $16) (29. Rxa5 $2 Rc1 $19) 29... Re8 30. Nxh6+ Kf8 31. Rdd1 $16) 28. Rd4 a3 29. bxa3 bxa3 30. Qh3 (30. Bxe4 $11 dxe4 31. Qd1) 30... Nc3 (30... Nd6 $17) 31. Bd3 (31. Nxh6+ $11 Kf8 32. Nf5) 31... Bxd3 $40 {[%emt 0:00:36][%mdl 128] White is in trouble.} (31... Nxa2 32. Nxh6+ Kf8 33. Nf5 $11) 32. Rxd3 Kh7 (32... Nxa2 33. Rxa3 (33. Nxh6+ Rxh6 34. Qxh6 Nc3 $11) 33... Qb2 34. Nxh6+ Rxh6 35. Rxa2 $16 (35. Qxh6 Qxa3 36. Qxg5+ Kh7 $11)) ({Black should play} 32... Ne4 $15 33. Qf3 Rec6) 33. Qh5 $2 (33. Qg3 $1 $11) 33... Ne4 (33... Rf6 $142 {...Rb7 would be deadly.} 34. Rd2 Ne4) 34. Rf1 (34. Nd4 $142 Rb6 35. Rf1) 34... Rec6 $2 (34... Rf6 $19 35. Rdd1 Qb2) 35. Rxa3 (35. h4 $1 $11 {keeps the balance.}) 35... Qb2 36. Ra8 (36. Nxh6 $17 Rxh6 37. Rxf7+ Rxf7 {[%mdl 64] Remove Defender} 38. Qxf7+ Qg7 39. Qf5+ Rg6 40. Rd3) 36... Qe2 $2 ({Better is} 36... Rf6 $19 {( -> ...Rc1)} 37. Rf8 Qa3) 37. g3 $2 {[%emt 0:04:10][%mdl 8192] [#]} (37. Rc8 $11 Qxf1+ {[%mdl 64] Remove Defender} 38. Kxf1 Rc1+ 39. Ke2 R1c2+ 40. Kf1 Rc1+ 41. Ke2 R1c2+ 42. Kf1 Rc1+) 37... Qxf1+ $2 38. Kxf1 $19 Rc1+ 39. Kg2 R7c2+ $1 {[%emt 0:00:49][%mdl 1024] Black has strong compensation.} 40. Kh3 Nf2+ $1 41. Kg2 Ne4+ 42. Kh3 Nf2+ $1 43. Kg2 Nxg4+ 44. Kh3 Nf2+ 45. Kg2 {[%emt 0:00:00][%csl Gf5][%cal Rh5h6] [#]} Ne4+ $1 46. Kh3 Nf2+ 47. Kg2 Ne4+ 48. Kh3 {[%emt 0:00:00][%csl Gf5][%cal Rh5h6] [#]} g4+ $1 {[%emt 0:01:42][%mdl 576] Decoy} 49. Qxg4 ({Avoid the trap} 49. Kh4 $2 Rxh2+ 50. Kxg4 Nf6+ 51. Kf4 Rxh5 $19) 49... Nf2+ 50. Kh4 Nxg4 {[%emt 0:00:06][%mdl 64] Discovered Attack} 51. Kxg4 Rxh2 {[%emt 0:00:54][%mdl 4096] Endgame Threatens to win with ...Rf2. KRR-KRN} 52. Ra5 Rd1 (52... Rc4+ $19 53. Kf3 Rcc2 54. Rxd5 Rhf2+ 55. Ke4 Rxa2) 53. Ra6 $17 Rc1 (53... Re1 $17 {[%cal Od5d4] Hoping for ...d4!} 54. Kf4 Rf2+ 55. Kg4 Rh2) 54. Rf6 (54. Ra5 $1 $11) 54... Rc4+ 55. Kf3 Ra4 ({Much worse is} 55... Rxa2 $6 56. Rxh6+ Kg8 57. Ne7+ Kf8 58. Nf5 $11) (55... Rh1 $17 56. g4 h5) 56. Rxf7+ $15 Kg6 57. Rf8 Raxa2 58. Kf4 {[%emt 0:00:00] [#]} d4 59. Ne7+ $2 (59. exd4 $11 Rhf2+ 60. Ke4) 59... Kg7 $19 60. Rd8 $2 (60. Rc8 Rhf2+ 61. Ke4 dxe3 62. Nf5+ Kg6 63. Nxe3) 60... Rhf2+ 61. Ke4 dxe3 62. Nf5+ Kg6 ({Not} 62... Rxf5 63. Kxf5 Rf2+ 64. Kg4 $11) 63. Nxe3 Ra4+ 64. Kd3 Ra3+ 65. Ke4 Ra4+ 66. Kd3 $1 Ra3+ 67. Ke4 Re2 68. Rd6+ Kg5 69. Rd5+ Kf6 70. Rd6+ Kg5 $2 ({Black should try} 70... Kg7 $19 71. Rd7+ Kf6 72. Rd6+ Kf7 73. Rd7+ Ke6) 71. Rd5+ $1 $11 Kf6 $2 (71... Kg6 $11 72. Rd6+ Kf7 73. Rd7+ Ke6) 72. Rd6+ $1 $19 Kf7 73. Rd3 Rxd3 74. Kxd3 {[%emt 0:00:04] KR-KN} Rf2 $2 (74... Rb2 $19 {And now ...Kf6 would win.} 75. Ke4 h5) 75. Ng4 $1 $11 {[%emt 0:02:44][%csl LRf2,LRh6] The position is equal.} Rf3+ 76. Ke4 Rxg3 77. Nxh6+ Kg6 78. Ng8 Kf7 79. Nh6+ Ke6 80. Kf4 {[%emt 0:00:08] An exciting game.   Weighted Error Value: White=0.64/Black=0.55} 1/2-1/2

[Event "Israeli Team-ch 2023"]
[Site "Petah Tikva"]
[Date "2023.05.05"]
[Round "9.29"]
[White "Raznikov, Danny"]
[Black "Gorodetzky, Matan"]
[Result "1-0"]
[ECO "D48"]
[WhiteElo "2482"]
[BlackElo "2333"]
[Annotator "TA"]
[PlyCount "125"]
[EventDate "2023.01.13"]
[EventCountry "ISR"]
[SourceTitle "playchess.com"]
[Source "ChessBase"]
[SourceQuality "1"]
[TimeControl "40/5400+30:1800+30"]

1. d4 d5 2. c4 e6 3. Nc3 c5 4. e3 dxc4 5. Bxc4 Nf6 6. Nf3 a6 7. O-O b5 8. Bd3 Bb7 9. dxc5 Bxc5 10. a3 Nbd7 11. b4 Be7 12. Bb2 O-O 13. Qe2 {[%emt 0:17:01] D48: Semi-Slav: Meran System: 7...b5 8 Bd3 a6.} Rc8 14. Rfd1 Qb6 15. Rac1 {[%emt 0:10:43] The position is equal.} h6 16. e4 {[%emt 0:08:15] [#]} Bd6 $146 ({Predecessor:} 16... Rfd8 17. Nb1 Rxc1 18. Rxc1 Rc8 19. Rxc8+ Bxc8 20. Qc2 Bb7 21. Nbd2 Qc6 22. Qxc6 Bxc6 {1-0 Cifuentes Parada,R (2505)-Tissir,M (2436) Dos Hermanas op 4th 2004 (6)}) 17. Nb1 {[%emt 0:04:59] [#] Rxc8 would be deadly.} Rxc1 18. Rxc1 {[%emt 0:00:43] And now e5 would win.} Bf4 19. Nbd2 Ng4 20. g3 Bxd2 21. Nxd2 Nge5 22. Bb1 Rd8 23. h3 Qd6 {[%emt 0:00:00][%cal Od6d2] ...Qxd2! is the strong threat.} 24. Nb3 Nc4 25. Rd1 Qe7 26. Bc1 Rc8 27. Kh2 Ncb6 28. Na5 Ba8 (28... Ne5 {with more complications.} 29. Qh5 Nbc4 30. Nb3 Rd8) 29. Be3 (29. Bf4 $5) 29... Na4 {[%emt 0:00:00] White must now prevent ...Nc3.} 30. Bd4 e5 31. Ba1 Nf6 (31... Rc3 $5) 32. Qe3 Qc7 (32... Ne8 $11 {deserves consideration.}) 33. f3 $14 Nd7 (33... Nc3 $2 34. Rc1 $18) 34. Nb3 {[%emt 0:00:35] White is more active.} (34. Ba2 $14) 34... Ndb6 $11 35. Na5 Kh8 (35... Nd7 $11 {might be stronger.}) 36. Kg2 f6 37. h4 Nc4 38. Nxc4 bxc4 39. Bc2 Bc6 40. g4 Qf7 41. Rd2 Bb5 42. Bc3 Nxc3 43. Qxc3 Qe8 44. Rd5 Bc6 45. Rc5 Bb5 46. a4 Rxc5 47. bxc5 Bxa4 48. Qxc4 Bxc2 49. Qxc2 {[%emt 0:00:43][%mdl 4096] Endgame Hoping for c6. KQ-KQ} Qc6 50. Qc4 a5 51. g5 fxg5 52. hxg5 {[%emt 0:00:04] Threatens to win with Qd5.} a4 53. Qd5 Qa6 54. c6 {[%emt 0:00:30] g6 would kill now.} a3 $2 {[%emt 0:00:21][%mdl 8192] [#]} (54... Qe2+ $11 55. Kg3 h5) 55. c7 (55. Qxe5 Qxc6 56. Qa5 Qc1 57. gxh6 Qb2+ 58. Kf1 gxh6 59. Qd8+ Kh7 60. Qe7+ Kh8 $11) 55... a2 56. Qd8+ Kh7 57. c8=Q (57. Kg3 {gets mated.} a1=Q 58. c8=Q Qg1+ 59. Kh4 hxg5+ 60. Qxg5 Qxg5+ 61. Kxg5 Qxc8 62. f4 Qc1 63. Kf5 exf4 64. Ke6 f3 65. Ke7 f2 66. Ke6 f1=Q 67. Kd5 Qb5+ 68. Ke6 Qh6+ 69. Kf7 Qf6#) 57... Qe2+ 58. Kg3 Qe1+ 59. Kg2 $2 (59. Kg4 {mates} Qg1+ 60. Kf5 Qxg5+ 61. Qxg5 hxg5 62. Qa8 (62. Kxe5 a1=Q+ 63. Kd5 Qd1+ 64. Ke5 Qa1+ 65. Kd5 Qd1+ 66. Ke5 Qa1+ $11) 62... a1=B 63. Qxa1 g4 64. fxg4 g5 65. Kf6 Kh8 66. Qa7 Kg8 67. Qg7#) 59... Qe2+ (59... a1=B $2 {is a self mate.} 60. g6+ Kxg6 61. Qf5#) 60. Kg3 Qe1+ 61. Kg4 {[%emt 0:00:34] White mates.} Qg1+ 62. Kf5 g6+ 63. Ke6 {[%emt 0:00:18] Weighted Error Value: White=0.16 (very precise) /Black=0.20 (precise)} 1-0

[Event "Israeli Team-ch 2023"]
[Site "Petah Tikva"]
[Date "2023.05.05"]
[Round "9.30"]
[White "Zlatin, Alexander"]
[Black "Rozentalis, Eduardas"]
[Result "0-1"]
[ECO "B10"]
[WhiteElo "2324"]
[BlackElo "2507"]
[Annotator "TA"]
[PlyCount "94"]
[EventDate "2023.01.13"]
[EventCountry "ISR"]
[SourceTitle "playchess.com"]
[Source "ChessBase"]
[SourceQuality "1"]
[TimeControl "40/5400+30:1800+30"]

1. e4 c6 2. c4 d5 3. exd5 cxd5 4. cxd5 Nf6 5. Qa4+ Nbd7 6. Nc3 g6 7. Nf3 Bg7 8. d4 {[%emt 0:00:00][%cal Od5d6] B10: Caro-Kann: 2 d3 and 2 c4.} O-O 9. Qb3 Nb6 10. Bg5 {[%emt 0:00:00] Black is slightly better.} Nfxd5 11. Nxd5 {[%emt 0:00:00] [#]} Nxd5 $146 (11... Qxd5 {simplifies} 12. Qxd5 Nxd5 13. Be2 Be6) ({Predecessor:} 11... Qxd5 12. Qxd5 Nxd5 13. Bc4 e6 14. O-O b6 15. Bb5 Bb7 16. Rac1 h6 17. Bh4 g5 {0-1 Kuenzler,T (2051)-Wind,M (1640) Nord West Cup 2000 (2)}) 12. Bc4 Nb6 13. Be2 Be6 (13... Bxd4 $2 14. Rd1 $18) 14. Qb4 h6 15. Be3 ({Reject} 15. Bxe7 Nd5 16. Bxd8 Nxb4 $17) 15... Rc8 16. O-O Bc4 17. Bxc4 Rxc4 18. Qd2 g5 19. b3 Rc8 20. Rac1 Nd5 21. h4 f6 22. Qd3 (22. hxg5 $11 Rxc1 23. Rxc1 hxg5 24. Qe2) 22... Qd7 (22... g4 $5 23. Rxc8 Qxc8 $15) 23. Rc5 b6 24. Rc4 g4 25. Nh2 f5 26. Rfc1 {[%emt 0:00:00] [#]} (26. Bd2 $15) 26... Rcd8 {[%emt 0:06:16] Black is more active.} ({Better is} 26... Rxc4 $1 $17 27. Rxc4 f4) 27. g3 (27. Bd2 $15) 27... e6 (27... b5 $17 28. Rc5 f4) 28. Qd2 Kh7 29. Bf4 b5 (29... Nxf4 {simplifies} 30. Qxf4 Qd6 31. Qxd6 Rxd6 32. h5 Kg8) 30. Rc7 Nxc7 $17 31. Rxc7 Qe8 32. Qc2 $2 {[%emt 0:05:31] White does not recover from this.} (32. Bxh6 $17 {was called for.} Rf7 33. Bxg7 Rxg7 34. Rxg7+ Kxg7 35. Nf1) 32... Rc8 ({Don't play} 32... Rxd4 33. Rxg7+ Kxg7 34. Be5+ Kg6 35. Bxd4 $16) 33. Nxg4 $2 (33. Nf1) 33... Rxc7 $19 34. Bxc7 Qc8 {[%emt 0:00:21] Hoping for ...Rf7.} ({Not} 34... Bxd4 35. Be5 Bxe5 36. Nxe5 $17) 35. d5 exd5 {[%emt 0:00:35] aiming for ...Rf7.} 36. Ne3 d4 37. Nd5 Qd7 38. Qc5 Rc8 {[%emt 0:00:23] White must now prevent ...d3.} 39. a4 d3 {[%emt 0:00:26] ( -> ...d2)} 40. Kf1 d2 (40... Rxc7 $142 41. Nxc7 d2 42. Qxb5 d1=Q+ 43. Kg2 Qxc7 44. Qxf5+ Kh8 45. Qe4 Qb8 46. Qe3 Qf8 47. Qf4 Qa8+ 48. f3 Qe2+ 49. Kh3 Qaxf3 50. Qxf3 Qxf3 51. Kh2 Be5 52. Kg1 Bxg3 53. b4 Qf2+ 54. Kh1 Qh2#) 41. Ke2 {[%emt 0:30:11] [#]} Rxc7 $1 {[%emt 0:30:32][%mdl 576] Deflection. Black mates.} 42. Qxc7 (42. Qxb5 d1=B+) 42... Qxd5 43. Qc2 {[%emt 0:00:03] [#]} Bc3 $1 44. f3 (44. axb5 Qe6+) 44... bxa4 45. bxa4 Qc4+ 46. Ke3 Bd4+ 47. Kxd2 {[%emt 0:00:39] [#]} Be3+ $1 {[%emt 0:00:08][%mdl 576] Deflection. A superb game by Rozentalis.   Weighted Error Value: White=0.86/Black=0.23 (precise)} 0-1

[Event "Israeli Team-ch 2023"]
[Site "Petah Tikva"]
[Date "2023.05.05"]
[Round "9.31"]
[White "Tzidkiya, Yeshaayahu"]
[Black "Nabaty, Tamir"]
[Result "1-0"]
[ECO "C41"]
[WhiteElo "2415"]
[BlackElo "2632"]
[Annotator "TA"]
[PlyCount "48"]
[EventDate "2023.01.13"]
[EventCountry "ISR"]
[SourceTitle "playchess.com"]
[Source "ChessBase"]
[SourceQuality "1"]
[TimeControl "40/5400+30:1800+30"]

1. e4 e5 2. Nf3 d6 3. Bc4 Be6 4. Bxe6 fxe6 5. O-O Nf6 6. d3 {[%emt 0:00:20] C41: Philidor Defence.} d5 (6... Be7 $14) 7. Nxe5 $16 {[%emt 0:00:21] [#]} Bd6 $146 ({Predecessor:} 7... dxe4 8. dxe4 Nxe4 9. Qxd8+ Kxd8 10. Nf7+ Ke7 11. Nxh8 Nf6 12. Nc3 Nc6 13. Bg5 g6 {1-0 Neil,C (476)-Sagis,R (301) SN-2019-0-00979}) 8. Nf3 {[%emt 0:00:24] [#] Hoping for e5. White is better.} Ng4 (8... dxe4 $16 {was necessary.} 9. dxe4 Nc6) 9. h3 Nf6 $2 (9... dxe4 10. dxe4 Nh6 11. Bxh6 gxh6) 10. Nc3 (10. e5 $142) 10... c6 $2 (10... dxe4 11. dxe4 (11. Nxe4 Nxe4 12. dxe4 Nc6 $16) 11... Nc6) 11. e5 $18 Bc5 12. exf6 gxf6 13. Nh4 Ke7 14. Re1 e5 15. d4 Bd6 16. Nf5+ Ke6 17. Nxd6 Kxd6 18. dxe5+ fxe5 19. Qh5 Nd7 20. Bg5 {[%emt 0:00:32] Prevents Qf6} Qc7 (20... Qe8 $18 21. Qh6+ Qg6) 21. Qh6+ Kc5 22. Be7+ Kc4 23. Qh4+ d4 24. Nb1 (24. b3+ $142 Kxc3 25. Qg3+ Kb2 26. Qd3 Qd6 27. a3 Qxe7 28. Reb1#) 24... Qd8 {[%emt 0:06:42] White took control after the opening.   Weighted Error Value: White=1.15/Black=0.99} 1-0

[Event "Israeli Team-ch 2023"]
[Site "Petah Tikva"]
[Date "2023.05.05"]
[Round "9.32"]
[White "Roiz, Michael"]
[Black "Manor, Ilan"]
[Result "1-0"]
[ECO "E73"]
[WhiteElo "2577"]
[BlackElo "2464"]
[Annotator "TA"]
[PlyCount "69"]
[EventDate "2023.01.13"]
[EventCountry "ISR"]
[SourceTitle "playchess.com"]
[Source "ChessBase"]
[SourceQuality "1"]
[TimeControl "40/5400+30:1800+30"]

1. d4 Nf6 2. c4 g6 3. Nc3 Bg7 4. e4 d6 5. Be2 O-O 6. Be3 e5 7. d5 Nbd7 8. g4 Nc5 9. f3 h5 10. g5 Nh7 11. h4 f6 12. Qd2 a5 13. Nh3 {[%emt 0:05:51] [#]} b6 $146 {[%emt 0:06:27] E73: King's Indian: Averbakh Variation without 6...c5.} ({Predecessor:} 13... Bxh3 14. Rxh3 fxg5 15. hxg5 Rf7 16. O-O-O Bf8 17. Rg1 Be7 18. b3 Qd7 19. Rhg3 Raf8 20. Kc2 Rf4 21. Bxf4 exf4 {1-0 Sarana,A (2654)-Livaic,L (2507) PNWCC Online blitz JP 12th 2020 (7)}) 14. gxf6 Bxf6 15. Ng5 Nxg5 {[%emt 0:16:06] White is slightly better.} 16. hxg5 Bg7 17. O-O-O a4 18. Rdf1 Bd7 19. Bd1 Qe8 20. Bc2 b5 21. Bxc5 dxc5 22. d6 cxd6 (22... bxc4 23. dxc7 a3 24. Qd6 $14) 23. Qxd6 Be6 (23... a3 $11) 24. cxb5 $14 (24. Qxc5 Bxc4 25. Rf2 Qf7 $17) 24... Qf7 {[%emt 0:02:26] [#]} (24... a3 $14) 25. Kb1 $1 $16 {[%emt 0:06:27] White has more active pieces.} (25. Nxa4 $2 Rfd8 26. Qb6 Bxa2 $19) 25... a3 26. Nd5 (26. Qxc5 Rfc8 27. Qe3 (27. Qb4 $2 Bf8 $19) 27... Bc4 $17) 26... Bxd5 $2 {[%emt 0:01:29] Black cannot hold the game after this.} (26... Rfd8 $16 27. Qxc5 Kh8) 27. exd5 $18 (27. Qxd5 Qxd5 28. exd5 Rab8 $16) 27... Rad8 {[%emt 0:02:33] Black is weak on the light squares} 28. Qc6 ({Much less strong is} 28. Qxg6 Qxg6 29. Bxg6 Rxd5) ({Don't do} 28. Qxc5 Rc8 29. Qb4 Rxc2 30. Kxc2 Qxd5 31. Qxa3 (31. Qb3 Rc8+ 32. Kb1 Rc5 $18) 31... Rc8+ 32. Kb1 Qxb5 $18) 28... Qe8 $2 {[%emt 0:07:47] [#]} (28... e4 29. Bxe4 (29. Qxc5 exf3 30. Qxa3 f2 $16) 29... axb2) 29. Bxg6 Qxc6 30. dxc6 Rb8 31. Bd3 Rfc8 32. Bc4+ Kf8 33. f4 e4 34. f5 Bxb2 35. f6 {[%emt 0:00:23] Weighted Error Value: White=0.08 (flawless) /Black=0.69} 1-0

[Event "Israeli Team-ch 2023"]
[Site "Petah Tikva"]
[Date "2023.05.05"]
[Round "9.33"]
[White "Aizenberg, Benny"]
[Black "Mikhalevski, Victor"]
[Result "*"]
[ECO "E32"]
[WhiteElo "2348"]
[BlackElo "2516"]
[Annotator "TA"]
[PlyCount "141"]
[EventDate "2023.01.13"]
[EventCountry "ISR"]
[SourceTitle "playchess.com"]
[Source "ChessBase"]
[SourceQuality "1"]
[TimeControl "40/5400+30:1800+30"]

1. d4 Nf6 2. c4 e6 3. Nc3 Bb4 4. Qc2 b6 5. Bd2 Bb7 6. e3 O-O 7. Nge2 {[%emt 0:07:10] [#]} Be7 $146 {[%emt 0:09:26] E32: Nimzo-Indian: Classical (4 Qc2): 4...0-0.} ({Predecessor:} 7... d5 8. Ng3 dxc4 9. Bxc4 Bxg2 10. Rg1 Bf3 11. Nce4 Bxe4 12. Nxe4 Bxd2+ 13. Nxd2 Nc6 14. O-O-O Ne7 15. Nf3 {0-1 Sipila,M (2008)-Patosalmi,J (1765) Helsinki We Garde Spring A 2017 (2)}) 8. e4 d5 9. cxd5 (9. e5 $11 Ne4 10. cxd5 Nxd2 11. Qxd2) 9... exd5 ({Better is} 9... c5 $1 $15) 10. e5 $11 Ne4 11. Nxe4 dxe4 12. Bc3 c5 13. Rd1 cxd4 14. Nxd4 {[%emt 0:00:35] Nf5 is the strong threat.} Qc8 {[%emt 0:01:45] Against Nf5} 15. Be2 Nc6 16. O-O (16. Qxe4 $11 {remains equal.} Nxd4 17. Qxd4) 16... Nxe5 $17 17. Qc1 Rd8 18. Qf4 {[%emt 0:01:37] Nf5 would be deadly.} Ng6 19. Qg3 ({White should play} 19. Qe3) 19... Bf6 (19... Bd6 $142 20. Qg5 f6) 20. Nb5 Bxc3 21. Nxc3 Qc5 22. Rfe1 Qe5 (22... Ne5 {with more complications.} 23. h3 h6 24. Bg4 Nxg4 25. hxg4 Rxd1 26. Rxd1 Re8) 23. Qxe5 Nxe5 24. Bf1 f5 25. Nb5 (25. f3 $142) 25... g6 (25... Rxd1 $142 26. Rxd1 g6) 26. Nd6 Bc6 27. f4 Ng4 28. h3 {[%emt 0:00:15] [#]} Ne3 29. Rxe3 $18 Rd7 30. Rc3 Bb7 (30... Ba4 $142) 31. Bb5 Rdd8 32. Rc7 {[%emt 0:00:32] And now Bc4+ would win.} Rac8 33. Rxb7 Rc5 34. Bc4+ (34. Ba4 $142 Kf8 35. Bb3 Ra5 36. Rxh7 Rc5 37. Rf7+ Kg8 38. Rxa7+ Kf8 39. Rf7+ Kg8 40. Rd7+ {[%mdl 64] Discovered Attack} Kf8 41. Rxd8+ Kg7 42. Nxe4) 34... Rxc4 35. Nxc4 ({Less strong is} 35. Rxa7 Rc6 $16) 35... Rxd1+ {[%emt 0:00:04][%mdl 4096] Endgame KRN-KR} 36. Kf2 Rc1 37. Ne3 Rb1 38. Rxa7 Rxb2+ 39. Ke1 g5 $2 (39... b5 40. g4 Rh2 41. gxf5 Rxh3) 40. g3 Rh2 (40... gxf4 $142 41. gxf4 Rh2 42. Nxf5 Rxh3 43. Rg7+ Kf8) 41. fxg5 Rxh3 42. Nxf5 Rh5 43. Ne7+ Kf7 44. Nd5+ Kf8 45. Nxb6 (45. Nf6 $142 Rh1+ 46. Ke2 Rh3 47. Nxh7+ Ke8 48. Nf6+ Kd8 49. Nxe4 b5 50. g6) 45... Rxg5 46. Kf2 {[%emt 0:00:19] Strongly threatening a4.} e3+ 47. Kxe3 Rxg3+ 48. Kf4 Rg2 49. a4 ({Not} 49. Rxh7 Rxa2 50. Nd5 Rf2+ 51. Kg5 Rf7 $14) 49... h5 50. Kf3 Ra2 51. Kg3 Rb2 52. a5 Ke8 53. Rh7 Ra2 54. Rxh5 Kd8 55. Rc5 Ke7 56. Kf3 (56. Rd5 $142 Ke6 57. Kf3 Ra1 58. Ke3 Kf7 59. Kd3 Ke6 60. Kc4 Ra2 61. Kb5) 56... Kd6 57. Rc4 $2 (57. Rg5 $18 Kc6 58. Ke4) 57... Rb2 $2 (57... Rxa5 $14 58. Rh4 Ra3+ 59. Ke4 Kc5) 58. Ra4 Rb3+ 59. Ke4 Rh3 60. Kd4 (60. a6 $142 Kc6 61. Ra1 (61. a7 Rh4+ 62. Kf5 Rxa4 $11) 61... Rh7 62. a7 Rh4+ 63. Ke5 Rh5+ 64. Kf6 Rh8 65. a8=Q+ Rxa8 66. Rxa8) 60... Kc6 61. Kc4 Rh4+ {[%emt 0:01:24] [#]} 62. Kb3 $1 Rh3+ 63. Kc2 Rh2+ 64. Kd3 Rh3+ 65. Ke2 {[%emt 0:00:05][%cal Oa5a6] White wants to mate with a6!} Rh2+ 66. Kf3 {[%emt 0:00:10][%cal Oa5a6] White threatens a6! and mate.} Rh3+ 67. Kg4 Rh7 68. Ra2 (68. Rd4 $142) 68... Kb5 $2 (68... Ra7 69. Kf5 Ra6 70. Rc2+ Kb5) 69. Nc8 $2 (69. Nd5 $18) 69... Ka6 70. Kf5 Rh5+ 71. Ke4 {[%emt 0:00:00] Weighted Error Value: White=0.51/Black=0.69} *

[Event "Israeli Team-ch 2023"]
[Site "Petah Tikva"]
[Date "2023.05.12"]
[Round "11.1"]
[White "Gruenfeld, Yehuda"]
[Black "Nabaty, Tamir"]
[Result "1/2-1/2"]
[ECO "C78"]
[WhiteElo "2414"]
[BlackElo "2632"]
[Annotator "TA"]
[PlyCount "75"]
[EventDate "2023.01.13"]
[EventCountry "ISR"]
[SourceTitle "playchess.com"]
[Source "ChessBase"]
[SourceQuality "1"]
[TimeControl "40/5400+30:1800+30"]

1. e4 e5 2. Nf3 Nc6 3. Bb5 a6 4. Ba4 b5 5. Bb3 Bb7 6. O-O Nf6 7. Re1 Bc5 8. c3 d6 9. d4 Bb6 10. Be3 {[%emt 0:04:40] 10.a4 is setting a new trend.} O-O 11. Nbd2 Re8 {[%emt 0:05:48] C78: Ruy Lopez: Archangelsk and Möller Defences.} 12. d5 Ne7 13. Bxb6 cxb6 {[%emt 0:00:06] White is slightly better.} 14. Nf1 {[%emt 0:01:19] [#]} Bc8 $146 ({Predecessor:} 14... Ng6 15. Bc2 Nf4 16. g3 N4h5 17. Ne3 Bc8 18. Nh4 g6 19. Bd3 Bd7 20. Qe2 Kh8 {0-1 Kele,K (2151)-Ivan,A (2268) HUN-chT2 Asztalos 1112 2011 (4.1)}) 15. N3d2 g6 16. Ne3 Rf8 17. Bc2 Ne8 18. Rf1 f5 {[%emt 0:03:12] aiming for ...f4.} 19. exf5 (19. f4 $14) 19... gxf5 20. f4 $1 exf4 21. Rxf4 Ng6 22. Rf2 f4 23. Nef1 ({White should try} 23. Bxg6 $14 hxg6 24. Nc2) 23... Ra7 24. Nf3 Rg7 25. Qd4 Nf6 26. h3 Ne5 27. Nxe5 dxe5 28. Qxe5 Bxh3 29. Nh2 (29. Qxf4 $2 Nd7 30. Bxh7+ Kxh7 31. Qe4+ Kg8 32. Rxf8+ Nxf8 $19) (29. Bd1 $1 $11 {remains equal.}) 29... Re8 $2 (29... Qxd5 $2 30. Bb3 (30. Qxf4 $2 {perishes.} Rxg2+ 31. Kh1 Rxf2+ $19 {[%mdl 64] Discovered Attack}) 30... Bxg2 31. Rxf4 $18 (31. Bxd5+ Bxd5+ 32. Kf1 Bc4+ 33. Ke1 Re8 $16)) (29... Nxd5 $2 30. Rd1 $18 (30. Bb3 Rf5 $18)) (29... Kh8 $17 {Strongly threatening ...Rfg8.} 30. Kh1 (30. Qxf4 $2 Rfg8 $19) 30... Re8 31. Qxf4 (31. Qd4 Bxg2+ 32. Rxg2 Rxg2 $11 {[%mdl 64] Remove Defender}) 31... Qxd5) 30. Qxf4 $16 {[%emt 0:03:19] d6 is the strong threat.} Nxd5 {[%emt 0:03:22] [#]} 31. Bb3 $1 {[%emt 0:01:25] The board is on fire.} Kh8 {[%emt 0:00:42] [#]} 32. Bxd5 ({Much worse is} 32. Qd4 $6 Ne3 $11) (32. Qf3 $1 $16 Be6 33. Rd1) 32... Qxd5 $11 {[%emt 0:00:37] The position is equal.} 33. Qf3 (33. Nf3 {with more complications.} Qc5 34. Nh4 Qe7 35. Nf5) 33... Qxf3 34. Nxf3 Reg8 35. Ne1 Be6 36. a4 (36. a3 $5) 36... bxa4 37. Rxa4 a5 38. Rd4 {[%emt 0:01:01] Weighted Error Value: White=0.14 (very precise) /Black=0.18 (very precise)} 1/2-1/2

[Event "Israeli Team-ch 2023"]
[Site "Petah Tikva"]
[Date "2023.05.12"]
[Round "11.2"]
[White "Roiz, Michael"]
[Black "Kantsler, Boris"]
[Result "1/2-1/2"]
[ECO "A42"]
[WhiteElo "2577"]
[BlackElo "2407"]
[Annotator "TA"]
[PlyCount "37"]
[EventDate "2023.01.13"]
[EventCountry "ISR"]
[SourceTitle "playchess.com"]
[Source "ChessBase"]
[SourceQuality "1"]
[TimeControl "40/5400+30:1800+30"]

1. Nf3 g6 2. d4 Bg7 3. c4 d6 4. Nc3 e5 5. e4 Nc6 6. Bg5 f6 7. Be3 Nh6 8. dxe5 Nxe5 {[%emt 0:01:38] A42: Modern Defence: Averbakh Variation.} 9. Nxe5 fxe5 10. Be2 {[%emt 0:08:58] Prevents Ng4. White is more active.} Be6 11. O-O O-O 12. b3 {[%emt 0:00:40] [#]} Kh8 $146 ({Predecessor:} 12... Nf7 13. Qd2 c6 14. Rfd1 Qe7 15. Bf3 b6 16. a4 a5 17. Rab1 {0-1 Grochulski,G (2069)-Slavov,M (1732) POL-ch U18 Murzasichle 2011 (1)}) 13. Rc1 Nf7 {[%emt 0:06:53] White is slightly better.} 14. Bg4 Bxg4 15. Qxg4 Bh6 {[%emt 0:00:02] Black is weak on the light squares} 16. Bxh6 Nxh6 17. Qg3 Nf7 18. Rcd1 c6 19. Rd2 {[%emt 0:10:39] Weighted Error Value: White=0.09 (flawless) /Black=0.08 (flawless)} 1/2-1/2